 Dungeon Crawl Stone Soup version 0.23.2-40-g277498a001 (webtiles) character file.

Game seed: 1620738743414827036

12496 Htamos the Thaumaturge (level 11, -16/92 HPs)
             Began as a Black Draconian Fire Elementalist on Aug 30, 2019.
             Was an Elder of Vehumet.
             Demolished by a swamp worm (21 damage)
             ... in a Gauntlet.
             The game lasted 00:46:07 (15003 turns).

Htamos the Thaumaturge (DrFE)                      Turns: 15003, Time: 00:46:07

Health: -16/92     AC:  9    Str: 15 (16) XL:     11   Next: 63%
Magic:  24/24      EV: 21    Int: 20 (22) God:    Vehumet [****..]
Gold:   395        SH:  5    Dex: 15 (17) Spells: 12/28 levels left

rFire    + . .     SeeInvis +   I - staff of fire
rCold    . . .     Gourm    .   r - +0 buckler
rNeg     . . .     Faith    .   (armour unavailable)
rPois    .         Spirit   .   B - +2 hat {SInv}
rElec    +         Reflect  .   (no cloak)
rCorr    .         Harm     .   (no gloves)
MR       .....     NoTele   +   (no boots)
Stlth    +++.......             v - amulet of magic regeneration
HPRegen  0.25/turn              i - +4 ring of intelligence
MPRegen  0.44/turn              D - ring of wizardry

@: mighty, agile
A: breathe lightning, unfitting armour, horns 2, electricity resistance, wild
magic 1, cold-blooded, AC +7
a: Breathe Lightning, Renounce Religion


You were in a Gauntlet.
You worshipped Vehumet.
Vehumet was greatly pleased with you.
You were near starving.

You visited 3 branches of the dungeon, and saw 13 of its levels.
You also visited: Gauntlet.

You collected 500 gold pieces.
You spent 105 gold pieces at shops.

Inventory:

Hand Weapons
 f - a +1 spear
 o - a +5 spear of pain
 u - a +4 scythe of slicing
Missiles
 g - 259 stones (quivered)
Armour
 d - the +5 hat of Mezcal {rN+ Str+4, unknown}
   (You found it in a Gauntlet)

   It affects your strength (+4).
   It protects you from negative energy.
 k - a +2 pair of gloves
 r - a +0 buckler (worn)
 B - a +2 hat of see invisible (worn)
Magical Staves
 I - an uncursed staff of fire (weapon)
Jewellery
 c - the amulet of Dawn {Faith Str+4, unknown}
   (You found it in a Gauntlet)

   [amulet of faith]

   It allows you to gain divine favour quickly.
   It affects your strength (+4).
 i - a +4 ring of intelligence (left hand)
 v - an amulet of magic regeneration (around neck)
 w - an uncursed ring of resist corrosion
 y - an uncursed ring of positive energy {unknown}
 D - a ring of wizardry (right hand)
Wands
 e - a wand of random effects (13)
 s - a wand of paralysis (5)
 C - a wand of enslavement (11)
 F - a wand of flame (68)
Scrolls
 j - 2 scrolls of teleportation
 l - a scroll of remove curse
 m - 5 scrolls of identify
 p - a scroll of fog
 z - a scroll of immolation
Potions
 a - 2 potions of might
 n - 2 potions of cancellation
 q - a potion of degeneration
 t - 5 potions of brilliance
 x - a potion of agility
 E - a potion of flight
Miscellaneous
 G - a lightning rod (4/4)
Comestibles
 b - 17 rations


   Skills:
 + Level 7.3 Fighting
 + Level 6.0 Polearms
 + Level 6.6 Dodging
 - Level 1.9 Stealth
 - Level 4.0 Shields
 * Level 9.4 Spellcasting
 + Level 6.9 Conjurations
 + Level 7.6 Fire Magic
 + Level 3.1 Air Magic


You had 12 spell levels left.
You knew the following spells:

 Your Spells              Type           Power        Failure   Level  Hunger
a - Flame Tongue          Conj/Fire      #####        1%          1    None
b - Throw Flame           Conj/Fire      ######       1%          2    None
c - Conjure Flame         Conj/Fire      ######..     1%          3    None
d - Fireball              Conj/Fire      ######....   1%          5    #####..
e - Searing Ray           Conj           #####.       1%          2    None
f - Static Discharge      Conj/Air       #####...     1%          3    None

Your spell library contained the following spells:

 Spells                   Type           Power        Failure   Level  Hunger
 Lee's Rapid Deconstruct  Erth           ##........   24%         5    #####..
 Magic Dart               Conj           ####         1%          1    None
 Inner Flame              Hex/Fire       #####...     1%          3    None
 Mephitic Cloud           Conj/Pois/Air  ####....     1%          3    None
 Sticky Flame             Conj/Fire      ######..     1%          4    ###....
 Corona                   Hex            ##.....      4%          1    None
 Blink                    Tloc           N/A          6%          2    None
 Call Imp                 Summ           ##......     6%          2    None
 Slow                     Hex            ##......     6%          2    None
 Olgreb's Toxic Radiance  Pois           ##......     11%         4    ###....
 Portal Projectile        Hex/Tloc       ##....       12%         3    None
 Cause Fear               Hex            ##........   34%         4    ###....
 Leda's Liquefaction      Hex/Erth       ##........   34%         4    ###....
 Silence                  Hex/Air        ###.......   45%         5    #####..
 Alistair's Intoxication  Tmut/Pois      ##......     65%         5    #####..


Dungeon Overview and Level Annotations

Branches:
Dungeon (10/15)            Temple (1/1) D:4            Lair (2/6) D:9
    Orc (0/2) D:9
  Swamp: Lair:2-4    Shoals: Lair:2-4     Snake: Lair:2-4    Spider: Lair:2-4

Altars:
Cheibriados
Dithmenos
Fedhas
Makhleb
Okawaru
Qazlal
Ru
Sif Muna
Trog
Vehumet
Zin

Shops:
D:5 (   D:6 }   D:8 ?   D:10 *

Annotations:
D:8 Maurice
D:10 exclusion: gargoyle Gauntlet 21 runed translucent doors, 9 transporters


Innate Abilities, Weirdness & Mutations

You can breathe wild blasts of lightning.
Your glossy black scales are hard. (AC +7)
You cannot fit into any form of body armour.
You are resistant to electric shocks. (rElec)
You are cold-blooded and may be slowed by cold attacks.
You have a pair of horns on your head.
Your spells are a little harder to cast, but a little more powerful.


Message History

The swamp worm bites you.
* * * LOW HITPOINT WARNING * * *
The swamp worm fails to trigger a net trap.
Wield which item (- for none, * to show all)? (? for menu, Esc to quit)
Okay, then.
You feel better. The swamp worm bites you!
* * * LOW HITPOINT WARNING * * *
The swamp worm closely misses you. x2
You feel better. The swamp worm bites you!
* * * LOW HITPOINT WARNING * * *
The swamp worm barely misses you. The swamp worm bites you.
* * * LOW HITPOINT WARNING * * *
Unknown command.
Okay, then.
Evoke which item? (* to show all) (? for menu, Esc to quit)
You open the lid... ...and a larval shockweird beast leaps out!
The now-empty box falls apart.
The swamp worm closely misses you. The swamp worm bites you!!
You die...

...#...#.........#..#.....
#..#...#..##§##..#..#.8.##
#.!#####w#..#..#(#..#...##
#..#...#§#^©#..#.#..#.8...
#.3#©.©#§§#####.©#..#...##
#..#...#w#.w#..#.#..#≈8≈#
#..#####.#..#.H#w#..#####
#..#...#..##^##ww#..###
...#.8.#......ww@#..#8#
####...###########..###
....................#
...................≈#
##################### 8#
#8# #8# #8# #8# ## ### ###
### ###


You could see a tyrant leech, 4 swamp worms and a friendly larval shockweird
beast.

Vanquished Creatures
  A fire dragon (Lair:1)
  A hydra (Lair:1)
  Pikel (D:6)
  Joseph (D:9)
  A black mamba (Lair:1)
  4 spiny frogs (Lair:1)
  A rime drake (Lair:1)
  Sigmund (D:6)
  16 yaks (Lair:1)
  Eustachio (D:4)
  Grum (D:9)
  Menkaure (D:6)
  3 water moccasins (Lair:1)
  Edmund (D:5)
  2 porcupines (Lair:1)
  4 phantoms
  2 orc warriors
  A slave (D:5)
  3 sky beasts
  3 ogres
  2 black bears (D:8)
  2 necrophages (D:8)
  7 wolves
  3 centaurs
  3 crocodiles (Lair:1)
  2 big kobolds (D:7)
  7 bullfrogs
  A gnoll sergeant (D:5)
  2 scorpions
  A howler monkey (D:5)
  4 wights (D:9)
  An electric eel (Lair:1)
  5 crimson imps
  A bullfrog zombie (D:6)
  A centaur zombie (D:6)
  3 hounds
  A centaur skeleton (D:7)
  6 orc priests
  11 orc wizards
  A gnoll shaman (D:5)
  2 jellies
  A bullfrog skeleton (D:4)
  4 iguanas
  7 worker ants
  A killer bee zombie (D:10)
  2 hound zombies
  A hound skeleton (D:4)
  A mummy (D:4)
  A howler monkey zombie (D:8)
  2 worker ant zombies
  A howler monkey skeleton (D:5)
  11 gnolls
  13 adders
  An adder skeleton (D:7)
  A worm (D:2)
  2 dart slugs
  10 leopard geckos
  34 orcs
  10 giant cockroaches
  11 goblins
  3 hobgoblins
  10 jackals
  7 kobolds
  5 quokkas
  6 bats
  A frilled lizard (D:2)
  A hobgoblin zombie (D:4)
  2 kobold zombies (D:4)
  A leopard gecko zombie (D:5)
  An orc zombie (D:4)
  A quokka skeleton (D:8)
  A quokka zombie (D:5)
  3 rats
271 creatures vanquished.

Vanquished Creatures (others)
  A fungus (Lair:1)
  A plant (Lair:1)
2 creatures vanquished.

Grand Total: 273 creatures vanquished

Notes
Turn   | Place    | Note
-------+----------+-------------------------------------------
     0 | D:1      | Htamos the Draconian Fire Elementalist began the quest for
                  | the Orb.
     0 | D:1      | Reached XP level 1. HP: 14/14 MP: 3/3
   365 | D:1      | Reached XP level 2. HP: 18/20 MP: 3/5
   963 | D:2      | Reached XP level 3. HP: 27/27 MP: 2/6
   979 | D:2      | Reached skill level 1 in Fighting
  1054 | D:2      | Found a glowing silver altar of Zin.
  1263 | D:2      | Reached XP level 4. HP: 35/35 MP: 4/8
  1545 | D:2      | You fall through a shaft for 2 floors!
  1611 | D:4      | Reached skill level 3 in Spellcasting
  1829 | D:4      | Reached XP level 5. HP: 41/41 MP: 0/9
  2168 | D:4      | Noticed Eustachio
  2185 | D:4      | Gained mutation: You have a pair of small horns on your
                  | head. [potion of mutation]
  2185 | D:4      | Gained mutation: You have a pair of horns on your head.
                  | [potion of mutation]
  2185 | D:4      | Gained mutation: Your spells are a little harder to cast,
                  | but a little more powerful. [potion of mutation]
  2223 | D:5      | Entered Level 5 of the Dungeon
  2479 | D:5      | Reached XP level 6. HP: 43/48 MP: 11/11
  2818 | D:5      | Reached skill level 4 in Spellcasting
  2914 | D:5      | Your scales start taking on a glossy black colour.
  2914 | D:5      | Reached XP level 7. HP: 47/56 MP: 4/13
  2914 | D:5      | Gained mutation: You are resistant to electric shocks.
                  | (rElec) [Black Draconian growth]
  3194 | D:5      | Found Yfroh's Antique Weapon Shop.
  3444 | D:5      | Noticed Edmund
  3483 | D:5      | Killed Edmund
  4097 | D:4      | Reached skill level 1 in Polearms
  4211 | D:4      | Found a staircase to the Ecumenical Temple.
  4276 | Temple   | Entered the Ecumenical Temple
  4290 | Temple   | Became a worshipper of Vehumet
  4399 | D:4      | Reached skill level 5 in Spellcasting
  4838 | D:4      | Killed Eustachio
  4838 | D:4      | Reached XP level 8. HP: 52/66 MP: 4/15
  5828 | D:3      | Found a sacrificial altar of Ru.
  5828 | D:3      | Found a deep blue altar of Sif Muna.
  5847 | D:3      | Found a stormy altar of Qazlal.
  5905 | D:3      | Reached skill level 5 in Fire Magic
  6037 | D:3      | Reached * piety under Vehumet
  6037 | D:3      | Offered knowledge of Freeze by Vehumet.
  6041 | D:3      | Learned a level 2 spell: Throw Flame
  6045 | D:3      | Learned a level 3 spell: Conjure Flame
  6051 | D:3      | Learned a level 5 spell: Fireball
  6187 | D:3      | Found a snail-covered altar of Cheibriados.
  6631 | D:2      | Reached skill level 1 in Shields
  6635 | D:2      | Found a blossoming altar of Fedhas.
  6722 | D:2      | Found a shadowy altar of Dithmenos.
  6997 | D:6      | Noticed Pikel
  7024 | D:6      | Noticed Sigmund
  7027 | D:6      | Killed Sigmund
  7058 | D:6      | Reached skill level 6 in Spellcasting
  7364 | D:6      | Reached XP level 9. HP: 72/72 MP: 18/18
  7487 | D:6      | Found Plog's Gadget Shoppe.
  7544 | D:6      | Killed Pikel
  7548 | D:6      | Offered knowledge of Searing Ray by Vehumet.
  7577 | D:6      | Reached skill level 5 in Fighting
  7592 | D:6      | Reached ** piety under Vehumet
  7673 | D:6      | Noticed Menkaure
  7683 | D:6      | Killed Menkaure
  7683 | D:6      | Reached skill level 5 in Conjurations
  7687 | D:6      | Learned a level 2 spell: Searing Ray
  7854 | D:6      | Found a radiant altar of Vehumet.
  8057 | D:7      | Reached skill level 7 in Spellcasting
  8412 | D:7      | Reached skill level 5 in Dodging
  9023 | D:8      | Reached XP level 10. HP: 81/81 MP: 21/21
  9328 | D:8      | Offered knowledge of Dazzling Spray by Vehumet.
  9430 | D:8      | Found Xodgh's Magic Scroll Shoppe.
  9433 | D:8      | Bought a scroll of enchant weapon for 105 gold pieces
  9452 | D:8      | Noticed Maurice
  9824 | D:8      | Found a burning altar of Makhleb.
  9824 | D:8      | Noticed a cacodemon
  9971 | D:9      | Noticed Grum
 10005 | D:9      | Killed Grum
 10021 | D:9      | Reached *** piety under Vehumet
 10284 | D:9      | Noticed Joseph
 10304 | D:9      | Killed Joseph
 10494 | D:9      | Found a staircase to the Lair.
 10571 | D:9      | Reached skill level 8 in Spellcasting
 10716 | D:9      | Found a staircase to the Orcish Mines.
 11068 | D:10     | Entered Level 10 of the Dungeon
 11177 | D:10     | Noticed a gargoyle
 11190 | D:10     | Found Itetod's Assorted Antiques.
 11269 | Lair:1   | Entered Level 1 of the Lair of Beasts
 11269 | Lair:1   | Noticed a spiny frog
 11275 | Lair:1   | Killed a spiny frog
 11504 | Lair:1   | Noticed an eight-headed hydra
 11505 | Lair:1   | Noticed a black mamba
 11518 | Lair:1   | Killed an eight-headed hydra
 11518 | Lair:1   | Offered knowledge of Static Discharge by Vehumet.
 11518 | Lair:1   | Reached skill level 5 in Polearms
 11523 | Lair:1   | Killed a black mamba
 12006 | Lair:1   | Noticed a spiny frog
 12011 | Lair:1   | Killed a spiny frog
 12016 | Lair:1   | Learned a level 3 spell: Static Discharge
 12118 | Lair:1   | Reached XP level 11. HP: 86/91 MP: 21/23
 12270 | Lair:1   | Reached skill level 1 in Air Magic
 12464 | Lair:1   | Reached skill level 9 in Spellcasting
 12749 | Lair:1   | Reached **** piety under Vehumet
 13362 | Lair:1   | Offered knowledge of Lee's Rapid Deconstruction by Vehumet.
 13854 | Lair:1   | Noticed a fire dragon
 14197 | Lair:1   | Killed a fire dragon
 14456 | Lair:2   | Found a gate leading to a gauntlet.
 14465 | Gauntlet | Entered a Gauntlet
 14465 | Gauntlet | Found a large runed translucent door.
 14465 | Gauntlet | Found a large runed translucent door.
 14465 | Gauntlet | Found a large runed translucent door.
 14465 | Gauntlet | Found a large runed translucent door.
 14465 | Gauntlet | Found a large runed translucent door.
 14465 | Gauntlet | Found a large runed translucent door.
 14465 | Gauntlet | Found a large runed translucent door.
 14465 | Gauntlet | Found a large runed translucent door.
 14465 | Gauntlet | Found a runed translucent door.
 14465 | Gauntlet | Found a runed translucent gate.
 14465 | Gauntlet | Found a transporter.
 14465 | Gauntlet | Found a transporter.
 14465 | Gauntlet | Found a runed translucent gate.
 14465 | Gauntlet | Found a transporter.
 14465 | Gauntlet | Noticed a cacodemon
 14466 | Gauntlet | Found a transporter.
 14469 | Gauntlet | Found a runed translucent gate.
 14469 | Gauntlet | Found a runed translucent door.
 14474 | Gauntlet | Found a large runed translucent door.
 14474 | Gauntlet | Found a large runed translucent door.
 14477 | Gauntlet | Found a large runed translucent door.
 14478 | Gauntlet | Found a large runed translucent door.
 14480 | Gauntlet | Found a transporter.
 14498 | Gauntlet | Noticed a sixfirhy
 14501 | Gauntlet | Found a transporter.
 14508 | Gauntlet | Found a transporter.
 14525 | Gauntlet | Found a transporter.
 14560 | Gauntlet | Found a large runed translucent door.
 14560 | Gauntlet | Found a large runed translucent door.
 14561 | Gauntlet | Found a large runed translucent door.
 14562 | Gauntlet | Found a large runed translucent door.
 14566 | Gauntlet | Found a transporter.
 14576 | Gauntlet | Found a transporter.
 14591 | Gauntlet | Found a transporter.
 14603 | Gauntlet | Found a transporter.
 14822 | Gauntlet | Got a vibrating graven amulet
 14825 | Gauntlet | Identified the Collected Works on Gliding Poison
 14978 | Gauntlet | HP: 2/92 [swamp worm (15)]
 14996 | Gauntlet | Got a crude hat
 15001 | Gauntlet | HP: 3/92 [swamp worm (15)]
 15003 | Gauntlet | Demolished by a swamp worm

Skill      XL: |  1  2  3  4  5  6  7  8  9 10 11 |
---------------+----------------------------------+-----
Dodging        | 2 3 4 5 6 |  6.6
Fighting       | 1 2 3 4 5 6 7 |  7.3
Spellcasting   | 3 4 5 6 7 8 9 |  9.4
Conjurations   | 2 3 4 5 6 |  6.9
Fire Magic     | 4 5 6 7 |  7.6
Polearms       | 1 2 4 5 6 |  6.0
Shields        | 1 3 4 |  4.0
Air Magic      | 3 |  3.1
Stealth        | |  1.9

Action                   |  1- 3 |  4- 6 |  7- 9 | 10-12 || total
-------------------------+-------+-------+-------+-------++-------
Melee: Spear             |    24 |   119 |   256 |   353 ||   752
       Tailslap          |     2 |     4 |    15 |    32 ||    53
       Headbutt          |       |     9 |    21 |    43 ||    73
       Staff             |       |       |       |    22 ||    22
Throw: Stone             |       |       |     2 |       ||     2
 Cast: Flame Tongue      |    43 |    85 |   272 |   106 ||   506
       Conjure Flame     |       |       |     5 |    10 ||    15
 Abil: Breathe Lightning |       |       |       |     2 ||     2
Evoke: Wand              |       |     8 |     9 |    23 ||    40
       Box of beasts     |       |       |       |     3 ||     3
  Use: Scroll            |       |     3 |     5 |     5 ||    13
       Potion            |       |     2 |       |    17 ||    19
 Stab: Sleeping          |       |       |     5 |     5 ||    10
       Paralysed         |       |       |    11 |       ||    11
       Confused          |       |       |       |     3 ||     3
  Eat: Chunk             |     2 |     2 |    18 |    15 ||    37
       Ration            |       |     1 |       |     1 ||     2
Armor: Skin              |     9 |    86 |    62 |    97 ||   254
Dodge: Dodged            |    21 |    98 |   153 |   239 ||   511
Block: Buckler           |       |       |    35 |    71 ||   106
